AoeStats
← FrankieFunk

Pilgrims

508264920Analyzed
4v4 RM · 11d ago on Sep 21, 2026· 54m 17s· 8 players
Game mode
Random Map
Map size
Large (8 player)
Population
200
Speed
Normal
Resources
Standard
Victory
Conquest
Starting age
Dark Age
Ending age
Imperial Age
RankedLock teamsTeams togetherTeam positionsShared explorationLock speedFull tech treeHidden civsTurbo modeCheats
Victory
Defeat
🇪🇸 Cumans · Spain
788
+27
🇮🇹 Persians · Italy
752
+10
🇳🇱 Dravidians · Netherlands
579
+17
🇪🇸 Byzantines · Spain
572
+17
🇵🇪 Khmer · Peru
702
-17
🇵🇪 Inca · Peru
640
-14
🇺🇸 Persians · United States
555
-11
🇬🇷 Britons · Greece
546
-11
Lizzie Borden
16:12 Loom
17:58 Feudal Age
23:00 Castle Age
23:52 Pikeman
24:33 Squires
25:16 Fletching
30:10 Town Watch
31:01 Wheelbarrow
30:58 Crossbowman
38:52 Murder Holes
GFamdango
mavra
8:09 Loom
19:19 Feudal Age
21:10 Wheelbarrow
20:30 Horse Collar
21:29 Double-Bit Axe
25:22 Arson
25:28 Town Watch
26:18 Forging
26:14 Scale Barding Armor
26:10 Scale Mail Armor
26:00 Fletching
26:11 Padded Archer Armor
38:25 Castle Age
42:58 Yeomen
43:09 Murder Holes
43:25 Fortified Wall
47:09 Fishing Lines
48:20 Bow Saw
48:04 Treadmill Crane
BeoWulft
4:25 Loom
13:10 Feudal Age
13:31 Man-at-Arms
30:36 Castle Age
35:45 Wheelbarrow
43:51 Double-Bit Axe
44:58 Horse Collar
46:08 Tusk Swords
47:09 Hand Cart
49:02 Town Watch
49:30 Fortified Wall
52:30 Imperial Age
Indekeik
6:00 Loom
13:19 Feudal Age
13:49 Double-Bit Axe
13:48 Horse Collar
17:21 Wheelbarrow
18:00 Arson
20:46 Man-at-Arms
27:57 Castle Age
30:06 Pikeman
30:47 Squires
39:15 Imperial Age
52:00 Hand Cart
51:59 Forging
51:55 Scale Barding Armor
51:51 Scale Mail Armor
51:53 Padded Archer Armor
FrankieFunk
11:13 Feudal Age
13:54 Horse Collar
15:58 Double-Bit Axe
19:30 Wheelbarrow
19:02 Town Watch
21:13 Scale Barding Armor
25:31 Loom
26:00 Bloodlines
26:06 Forging
26:49 Gold Mining
39:11 Castle Age
37:19 Man-at-Arms
44:25 Capped Ram
45:30 Hand Cart
52:05 Chain Barding Armor
ageatope
12:07 Feudal Age
20:13 Castle Age
19:03 Double-Bit Axe
19:31 Forging
21:09 Bow Saw
21:39 Iron Casting
21:00 Pikeman
23:58 Town Watch
24:59 Squires
31:19 Scale Barding Armor
35:17 Medium Warships
40:11 Imperial Age
37:51 Fletching
38:21 Husbandry
38:26 Padded Archer Armor
43:00 Wheelbarrow
42:28 Town Patrol
42:16 Loom
48:36 Wootz Steel
49:47 Elite Urumi Swordsman
raffaelepierri1987
11:16 Feudal Age
14:43 Loom
24:11 Wheelbarrow
27:50 Castle Age
31:45 Horse Collar
44:41 Imperial Age
43:15 Husbandry
46:25 Chemistry
45:36 Masonry
45:47 Ballistics
45:41 Cavalier
49:09 Hand Cart
48:50 Pikeman
49:30 Squires
49:16 Arson
Connection lost

Rejoining the realm…

Still unreachable

The connection could not be restored.

Session expired

The server has moved on; the page needs a fresh start.